 Dungeon Crawl Stone Soup version 0.30.1-11-g7821555f0a (webtiles) character file.

Game seed: 14591015643941556481

78 lonewolfV2 the Shield-Bearer (level 4, -1/38 HPs)
             Began as a Formicid Fighter on Nov 15, 2023.
             Slain by an endoplasm (3 damage)
             ... on level 3 of the Dungeon.
             The game lasted 00:02:07 (2006 turns).

lonewolfV2 the Shield-Bearer (Formicid Fighter)     Turns: 2006, Time: 00:02:08

Health: -1/38      AC:  9    Str: 20    XL:     4   Next: 61%
Magic:  4/4        EV:  7    Int:  8    God:
Gold:   101        SH:  5    Dex: 15    Spells: 3/3 levels left

rFire   . . .        a - +1 war axe
rCold   . . .        c - +0 buckler
rNeg    . . .        g - +0 chain mail
rPois   .            (helmet unavailable)
rElec   .            (no cloak)
rCorr   .            (no gloves)
SInv    +            (no boots)
Will    .....        (no amulet) Stlth
                     (no ring)
HPRegen 0.26/turn    (no ring)
MPRegen 0.09/turn

%: no passive effects
@: no status effects
A: permanent stasis, dig shafts and tunnels, antennae 3, four strong arms
a: Dig, Shaft Self


You were on level 3 of the Dungeon.
You visited 1 branch of the dungeon, and saw 3 of its levels.

You collected 101 gold pieces.

Inventory:

Hand Weapons
 a - a +1 war axe (weapon)
Armour
 c - a +0 buckler (worn)
 g - a +0 chain mail (worn)
Scrolls
 f - 2 scrolls of fog {unknown}
 i - a scroll of teleportation
 m - a scroll of identify
Potions
 b - 2 potions of heal wounds {unknown}
 d - a potion of might
 e - 3 potions of curing
 h - a potion of resistance {unknown}
 j - a potion of mutation {unknown}
 k - a potion of invisibility {unknown}
 l - a potion of brilliance {unknown}
 n - a potion of haste {unknown}


   Skills:
 * Level 4.9 Fighting
 - Level 2.0 Axes
 - Level 3.2 Armour
 + Level 5.0 Shields


You had 3 spell levels left.
You didn't know any spells.
Your spell library contained the following spells:

 Spells                   Type           Power      Damage    Failure   Level
 Summon Small Mammal      Summ           0%         N/A       99%         1
 Call Canine Familiar     Summ           0%         N/A       100%        3
 Summon Guardian Golem    Hex/Summ       0%         N/A       100%        3


Dungeon Overview and Level Annotations

Branches:
Dungeon (3/15)

Altars:
Ashenzari

Annotations:
D:3 Robin


Innate Abilities, Weirdness & Mutations

You cannot be hasted, slowed, berserked, paralysed or teleported.
You can dig through walls and to a lower floor.
You have a pair of large antennae on your head. (SInv)
Your four strong arms can wield two-handed weapons with a shield.


Message History

You kill the hobgoblin!
The endoplasm hits you but does no damage.
The ball python bites you but does no damage.
The ball python constricts you. Robin hits you but does no damage.
The endoplasm hits you but does no damage.
The ball python barely misses you. The ball python constricts you.
You hit Robin.
Robin is moderately wounded.
You hit the endoplasm but do no damage. You barely miss the ball python.
The ball python bites you. The ball python constricts you.
The endoplasm hits you but does no damage.
Robin says, "Duck!"
You block Robin's attack. The quokka bites you.
You barely miss Robin.
Robin is moderately wounded.
You closely miss the quokka. You completely miss the endoplasm.
You closely miss the ball python.
The hobgoblin no longer looks unusually strong.
You block the ball python's attack. The ball python constricts you.
The quokka bites you but does no damage.
The endoplasm freezes you.
You are frozen.
Robin hits you with a +0 club.
* * * LOW HITPOINT WARNING * * *
You block the ball python's attack. The ball python constricts you.
* * * LOW HITPOINT WARNING * * *
The quokka bites you.
* * * LOW HITPOINT WARNING * * *
The endoplasm freezes you.
You are frozen.
* * * LOW HITPOINT WARNING * * *
You block Robin's attack.
You hit Robin.
Robin is severely wounded.
You hit the ball python.
You kill the ball python!
You hit the quokka but do no damage. You barely miss the endoplasm.
The quokka bites you.
* * * LOW HITPOINT WARNING * * *
Robin hits you but does no damage. The endoplasm hits you.
You die...

{ #.# { { { ##. ##
##.# { {
##.##.##.##.##.#
#.#.#.#.#?#.##.# .
#..#..#..#...#.# #..
#...#...#...##.#
....#.$..#....#..#.#
#.....#J)...#...#.#
#))g)@.#.....#.#
#.....))#gr....†##.#
.................#.#
########...........#
#############


You could see Robin, an endoplasm, a quokka and a hobgoblin.

Vanquished Creatures
  3 adders
  A dart slug (D:1)
  3 endoplasms
  8 goblins
  8 hobgoblins
  3 quokkas
  9 ball pythons
  2 frilled lizards
  5 kobolds
  5 rats
47 creatures vanquished.

Notes
Turn   | Place    | Note
-------+----------+-------------------------------------------
     0 | D:1      | lonewolfV2 the Formicid Fighter began the quest for the
                  | Orb.
     0 | D:1      | Reached XP level 1. HP: 18/18 MP: 1/1
   121 | D:1      | Reached XP level 2. HP: 24/24 MP: 2/2
   824 | D:2      | Found a faded altar of an unknown god.
   858 | D:2      | Reached XP level 3. HP: 19/30 MP: 3/3
  1305 | D:2      | Identified the +0 pair of gloves of Servitude {Harm rCorr
                  | Str-5 Dex+3}
  1524 | D:2      | Reached XP level 4. HP: 38/38 MP: 4/4
  1760 | D:3      | Found a broken altar of Ashenzari.
  1990 | D:3      | Noticed Robin
  2000 | D:3      | Reached skill level 5 in Shields
  2006 | D:3      | Slain by an endoplasm

Illustrated notes

Levels and vault maps discovered:
D:1:      ncdulo_watergridlock, layout_basic, nrook_mini_backslash,
          nicolae_titane
D:2:      layout_basic, shapermc_ecumenical_altar_gd
D:3:      layout_loops_ring, cheibrodos_ashenzari_chains,
          nicolae_overflow_hidden_temple, ebering_ghost_inner_flame,
          minmay_increasing_density, uniq_robin

Skill      XL: |  1  2  3  4 |
---------------+-------------+-----
Fighting       | 4 |  4.9
Shields        | 5 |  5.0
Axes           | |  2.0
Armour         | |  3.2

Action                     |  1- 3 |  4- 6 || total
---------------------------+-------+-------++-------
  Melee: War axe           |    79 |    34 ||   113
    Use: Scroll            |     2 |     4 ||     6
 Armour: Scale mail        |     7 |       ||     7
         Chain mail        |    32 |    32 ||    64
  Dodge: Dodged            |    36 |    16 ||    52
  Block: Buckler           |    28 |    14 ||    42
